 Dungeon Crawl Stone Soup version 0.13.1-27-ga479965 (webtiles) character file.

440 Chiseanne the Firebug (level 5, -27/35 HPs)
             Began as a Mummy Fire Elementalist on Feb 15, 2014.
             Killed from afar by a bat skeleton (60 damage)
             ... with an exploding inner flame
             ... hexed by the player character
             ... on Level 4 of the Dungeon.
             The game lasted 00:14:26 (7902 turns).

Chiseanne the Firebug (Mummy Fire Elementalist)     Turns: 7902, Time: 00:14:26

HP -27/35        AC 10     Str 11      XL: 5   Next: 95%
MP   4/10        EV 10     Int 15      God:
Gold 181         SH  0     Dex 12      Spells:  4 memorised,  0 levels left

Res.Fire  : x . .   See Invis. : .   a - +0,+3 orc mace {*Rattenfänger*}
Res.Cold  : + . .   Warding    : .   d - +0 orc leather armour
Life Prot.: + + +   Conserve   : .   (no shield)
Res.Poison: +       Res.Corr.  : .   i - +0 helmet
Res.Elec. : .       Clarity    : .   (no cloak)
Sust.Abil.: . .     Spirit.Shd : .   (no gloves)
Res.Mut.  : .       Stasis     : .   (no boots)
Res.Rott. : +       Flight     : .   (no amulet)
Saprovore : . . .                    (no ring)
                                     e - +6 ring of protection

@: slightly resistant to hostile enchantments, unstealthy
A: no food or potions, fire vulnerability, restore body, cold resistance 1, life
protection 3, poison resistance, torment resistance, unbreathing
a: no special abilities


You were on level 4 of the Dungeon.
You were not hungry.

You visited 1 branch of the dungeon, and saw 4 of its levels.

You collected 161 gold pieces.

Inventory:

Hand weapons
 a - a +0,+3 orcish mace (weapon) {*Rattenfänger*}
Missiles
 f - 3 javelins (quivered)
 g - 13 poisoned needles
 m - 6 darts
 n - 15 stones
Armour
 d - a +0 orcish leather armour (worn)
 i - a +0 helmet (worn)
 l - a +0 buckler
Magical devices
 c - a wand of flame (9)
Scrolls
 h - a scroll of enchant armour {unknown}
 j - a scroll of fog {unknown}
 k - 3 scrolls of remove curse
 o - a scroll of noise {unknown}
 p - a scroll of identify {unknown}
Jewellery
 e - a +6 ring of protection (left hand)
Books
 b - a book of Flames

   Spells                             Type                      Level
   *Flame Tongue                      Conjuration/Fire             1
   *Throw Flame                       Conjuration/Fire             2
   *Conjure Flame                     Conjuration/Fire             3
   *Inner Flame                       Hexes/Fire                   3
   Sticky Flame                       Conjuration/Fire             4
   Fireball                           Conjuration/Fire             5


   Skills:
 - Level 1.5 Dodging
 - Level 1.5 Stealth
 * Level 2.8 Spellcasting
 - Level 0.7 Conjurations
 * Level 4.9 Fire Magic


You couldn't memorise any spells.
You knew the following spells:

 Your Spells              Type           Power        Failure   Level  Hunger
a - Flame Tongue          Conj/Fire      ##...        8%          1    N/A
b - Throw Flame           Conj/Fire      ##....       12%         2    N/A
c - Conjure Flame         Conj/Fire      ##......     21%         3    N/A
d - Inner Flame           Hex/Fire       #.......     24%         3    N/A

Dungeon Overview and Level Annotations

Branches:
Dungeon (4/27)
 Temple: D:4-7

Altars:
Okawaru

Shops:
D:4 +

Annotations:
D:3 Sigmund, Terence


Innate Abilities, Weirdness & Mutations

You do not eat or drink.
Your flesh is vulnerable to fire.
Your flesh is cold resistant.
You are immune to negative energy.
Your system is resistant to poisons.
You are immune to unholy pain and torment.
You can survive without breathing.


Message History

Casting: Conjure Flame
Confirm with . or Enter, or press ? or * to list all spells.
Aiming: Conjure Flame
Press: ? - help, Dir - move target cursor The fire roars!
The orc throws a dart.
The dart hits you!
A hobgoblin, a gnoll and a kobold come into view.
Casting: Conjure Flame
Confirm with . or Enter, or press ? or * to list all spells.
Aiming: Inner Flame
Press: ? - help, Shift-Dir - straight line, f - bat skeleton
Aim: a bat skeleton The bat skeleton is filled with an inner flame.
The bat skeleton is engulfed in roaring flames.
The bat skeleton barely misses you.
The bat skeleton is engulfed in roaring flames.
The bat skeleton explodes!
The fiery explosion engulfs you! The fire burns you terribly!
One of your 2 scrolls labeled SHOSAU KHEUSHE catches fire!
Ouch! That really hurt!
You die...

###########
#.........#
#.....!...#
#.....(@§§#
#....###§##
#....# .§#
#....# .≈o#
#....# go##
#....#


Kg. #....# g≈## #....# .≈. #....###_ You could see 2 gnolls, 2 orcs, a hobgoblin
and a kobold.

Vanquished Creatures
  An orc priest (D:3)
  A jelly (D:4)
  A giant frog skeleton (D:4)
  2 orc wizards (D:3)
  3 adders
  A giant mite (D:2)
  2 oozes
  6 orcs (D:3)
  14 goblins
  6 hobgoblins
  14 jackals
  6 kobolds
  12 bats
  A giant cockroach (D:4)
  A giant gecko (D:3)
  10 giant newts
  2 quokkas
  A quokka skeleton (D:4)
  7 rats
91 creatures vanquished.

Vanquished Creatures (others)
  A kobold (D:4)
1 creature vanquished.

Grand Total: 92 creatures vanquished

Notes
Turn   | Place    | Note
--------------------------------------------------------------
     0 | D:1      | Chiseanne, the Mummy Fire Elementalist, began the quest for the Orb.
     0 | D:1      | Reached XP level 1. HP: 13/13 MP: 3/3
   372 | D:1      | Reached XP level 2. HP: 19/19 MP: 4/4
   532 | D:1      | Reached skill level 3 in Fire Magic
   595 | D:1      | Learned a level 2 spell: Throw Flame
  1313 | D:2      | Reached XP level 3. HP: 24/24 MP: 5/5
  5346 | D:1      | Reached XP level 4. HP: 30/30 MP: 4/7
  5351 | D:1      | Learned a level 3 spell: Conjure Flame
  5850 | D:1      | Noticed a stone giant
  6344 | D:3      | Reached skill level 4 in Fire Magic
  6484 | D:3      | Reached XP level 5. HP: 35/35 MP: 1/9
  6986 | D:3      | Noticed Terence
  7225 | D:3      | Noticed Sigmund
  7440 | D:4      | Found Isuxymp's Book Shop.
  7610 | D:4      | Learned a level 3 spell: Inner Flame
  7900 | D:4      | Found an iron altar of Okawaru.
  7902 | D:4      | Killed from afar by a bat skeleton

Action                   |  1- 3 |  4- 6 || total
-------------------------+-------+-------++-------
Melee: Club              |     7 |       ||     7
       Mace              |   186 |   103 ||   289
 Cast: Flame Tongue      |    13 |     8 ||    21
       Throw Flame       |    16 |    21 ||    37
       Conjure Flame     |       |     2 ||     2
       Inner Flame       |       |     1 ||     1
Evoke: Wand              |     1 |     2 ||     3
  Use: Scroll            |     1 |     3 ||     4
